[Event "Team 45 45 League T91"]
[Site "Internet Chess Club"]
[Date "2022.02.13"]
[Round "5"]
[White "gduranko"]
[Black "WillC"]
[Result "0-1"]
[WhiteElo "1479"]
[BlackElo "1501"]
[Opening "Scandinavian defense"]
[ECO "B01"]
[Time "14:09:27"]
[PlyCount "46"]
[TimeControl "2700+45"]

1. e4 d5 2. exd5 Nf6 3. Nf3 Nxd5 4. d4 Bf5 5. Bc4 e6 6. Bd2 Bd6 7. Nc3 c6 8. Ne5
O-O 9. g4 Nxc3 10. Bxc3 Be4 11. Nf3 Qf6 12. Be2 Qg6 13. Bd3 Qxg4 14. Rg1 Qxf3
15. d5 e5 16. Be2 Qf6 17. Qd2 cxd5 18. O-O-O d4 19. Bxd4 exd4 20. Rg4 Bg6 21. h4
Nc6 22. Rdg1 h5 23. Rg5 Bf4 {White resigns} 0-1

[Event "Team 45 45 League T91"]
[Site "Internet Chess Club"]
[Date "2022.02.13"]
[Round "5"]
[White "Visin"]
[Black "chesskix"]
[Result "1/2-1/2"]
[WhiteElo "1276"]
[BlackElo "1401"]
[Opening "Sicilian: Labourdonnais-Löwenthal variation"]
[ECO "B32"]
[Time "14:02:51"]
[PlyCount "112"]
[TimeControl "2700+45"]

1. e4 c5 2. Nf3 Nc6 3. d4 cxd4 4. Nxd4 e5 5. Nf3 Nf6 6. Nc3 Bb4 7. Bg5 O-O 8.
Qd3 h6 9. Bh4 Be7 10. a3 d6 11. Be2 a6 12. O-O Bg4 13. Rad1 Bxf3 14. Bxf3 Nd4
15. Ne2 Nxf3+ 16. Qxf3 Rc8 17. Bxf6 Bxf6 18. Qb3 b5 19. Rd3 Rc6 20. Rfd1 Qc7 21.
c3 Be7 22. Ng3 g6 23. a4 bxa4 24. Qxa4 Rc8 25. Qa2 Qb6 26. Rf3 Rf8 27. h3 Rc5
28. Ra1 a5 29. Nf1 Bg5 30. Ne3 Bxe3 31. Rxe3 Rb5 32. Rb1 h5 33. c4 Rb4 34. b3
Rc8 35. Qd2 Rcxc4 36. Rd1 Rxe4 37. Rxe4 Rxe4 38. Qxd6 Qxd6 39. Rxd6 Re1+ 40. Kh2
e4 41. Rd8+ Kg7 42. Ra8 Rb1 43. Rxa5 Rxb3 44. Re5 f5 45. h4 Kf6 46. Ra5 Rb2 47.
Ra6+ Kg7 48. Kg3 Rb3+ 49. Kf4 Rb2 50. Ke3 Rb1 51. Ra7+ Kh6 52. Ke2 f4 53. Rf7
Rb2+ 54. Ke1 Rb1+ 55. Ke2 Rb2+ 56. Ke1 Rb1+ {Game drawn by mutual agreement}
1/2-1/2

[Event "Team 45 45 League T91"]
[Site "Internet Chess Club"]
[Date "2022.02.11"]
[Round "5"]
[White "blind-warrior"]
[Black "Pawnchain"]
[Result "0-1"]
[WhiteElo "1427"]
[BlackElo "1339"]
[Opening "Queen's bishop game"]
[ECO "D02"]
[Time "16:00:47"]
[PlyCount "82"]
[TimeControl "2700+45"]

1. d4 Nf6 2. Nf3 d5 3. Bf4 c6 4. Nbd2 e6 5. c3 Bd6 6. Ne5 O-O 7. h3 Nh5 8. Bh2
f6 9. g4 fxe5 10. gxh5 exd4 11. Bxd6 Qxd6 12. cxd4 Qf4 13. Nf3 Bd7 14. Bg2 Be8
15. e3 Qf5 16. Qd2 Bxh5 17. Nh2 Nd7 18. Rf1 e5 19. f3 exd4 20. Qxd4 Rae8 21. Kd2
Ne5 22. b3 Bg6 23. e4 Qf4+ 24. Qe3 Qxh2 25. Rf2 d4 26. Qg5 Rxf3 27. Ke2 Rxf2+
28. Kxf2 Rf8+ 29. Ke2 Nf7 30. Qg4 Qd6 31. Rf1 d3+ 32. Kd1 Qc5 33. Kd2 Qc2+ 34.
Ke3 d2 35. Rd1 Qc3+ 36. Ke2 Ne5 37. Qe6+ Kh8 38. Rxd2 Qg3 39. Kd1 Bh5+ 40. Kc2
Bf7 41. Qd6 Rg8 {White forfeits on time} 0-1

[Event "Team 45 45 League T91"]
[Site "Internet Chess Club"]
[Date "2022.02.11"]
[Round "5"]
[White "grekor"]
[Black "tamky70"]
[Result "1-0"]
[WhiteElo "1131"]
[BlackElo "1218"]
[Opening "Queen's pawn: London system"]
[ECO "A45"]
[Time "17:01:33"]
[PlyCount "27"]
[TimeControl "2700+45"]

1. d4 Nf6 2. Bf4 e6 3. Nc3 Bb4 4. e3 Bxc3+ 5. bxc3 Nc6 6. Bd3 d5 7. Nf3 O-O 8.
h4 a6 9. Ne5 Ne7 10. Bg5 Ng6 11. h5 Nh8 12. h6 g6 13. Ng4 Qd7 14. Nxf6# {Black
checkmated} 1-0

[Event "Team 45 45 League T91"]
[Site "Internet Chess Club"]
[Date "2022.02.13"]
[Round "5"]
[White "oldsj"]
[Black "kabindra"]
[Result "1/2-1/2"]
[WhiteElo "1436"]
[BlackElo "1727"]
[Opening "Ruy Lopez: Schliemann defense"]
[ECO "C63"]
[Time "12:00:49"]
[PlyCount "70"]
[TimeControl "2700+45"]

1. e4 e5 2. Nf3 Nc6 3. Bb5 f5 4. d3 fxe4 5. dxe4 Nf6 6. O-O Bc5 7. Nc3 d6 8. h3
Bd7 9. Qe2 Qe7 10. Be3 Nd4 11. Bxd7+ Qxd7 12. Bxd4 exd4 13. Nd5 O-O-O 14. Nxf6
gxf6 15. a3 Rhg8 16. Kh1 d5 17. b4 Qg7 18. Rg1 Bd6 19. Nxd4 Be5 20. Nf5 Qd7 21.
Rad1 Qe6 22. Qf3 dxe4 23. Rxd8+ Rxd8 24. Qxe4 Qd7 25. g4 Re8 26. Qd3 Qc6+ 27. f3
h5 28. Rd1 Bd6 29. Nxd6+ cxd6 30. b5 Qb6 31. c4 hxg4 32. fxg4 a6 33. Qxd6 Re1+
34. Kg2 Re2+ 35. Kh1 Re1+ {Game drawn by mutual agreement} 1/2-1/2

[Event "Team 45 45 League T91"]
[Site "Internet Chess Club"]
[Date "2022.02.11"]
[Round "5"]
[White "julesraider"]
[Black "jcule"]
[Result "1-0"]
[WhiteElo "1504"]
[BlackElo "1351"]
[Opening "QGD"]
[ECO "D52"]
[Time "13:30:57"]
[PlyCount "75"]
[TimeControl "2700+45"]

1. d4 d5 2. c4 e6 3. Nc3 Nf6 4. Bg5 c6 5. Nf3 Nbd7 6. e3 g6 7. Be2 Bg7 8. O-O
O-O 9. Qc2 Qc7 10. Bf4 Qd8 11. h3 Re8 12. Rfd1 dxc4 13. Bxc4 Nd5 14. Bg3 N7f6
15. a3 a6 16. e4 Nxc3 17. bxc3 b5 18. Bb3 Bb7 19. c4 Rc8 20. e5 Nd7 21. c5 f6
22. exf6 Nxf6 23. Bh4 Qd7 24. Ne5 Qc7 25. Bg3 Qe7 26. Bh4 Qc7 27. Re1 Nd5 28.
Re2 Bxe5 29. Rxe5 Qf7 30. Rae1 Rc7 31. Bg5 Bc8 32. Qd2 Bd7 33. Qa5 Bc8 34. a4
Ra7 35. Bxd5 cxd5 36. axb5 axb5 37. Qxb5 Qb7 38. Qxe8+ {Black resigns} 1-0

[Event "Team 45 45 League T91"]
[Site "Internet Chess Club"]
[Date "2022.02.13"]
[Round "5"]
[White "BrerRabbit"]
[Black "Andaluz"]
[Result "1/2-1/2"]
[WhiteElo "1410"]
[BlackElo "1273"]
[Opening "Neo-Grünfeld, 6.O-O c6"]
[ECO "D78"]
[Time "14:01:43"]
[PlyCount "81"]
[TimeControl "2700+45"]

1. d4 Nf6 2. Nf3 d5 3. g3 g6 4. Bg2 Bg7 5. O-O O-O 6. c4 c6 7. b3 Be6 8. Ng5 Bf5
9. Bb2 h6 10. Nf3 Be6 11. cxd5 cxd5 12. Ne5 Qc8 13. Nc3 Bh3 14. Rc1 Bxg2 15.
Kxg2 Qe8 16. Qd3 a6 17. Rc2 Nc6 18. Nxc6 bxc6 19. Na4 Ra7 20. Nc5 Qa8 21. Rfc1
Rc8 22. Na4 Qb7 23. Nc5 Qa8 24. Na4 Qb7 25. f3 Nd7 26. Nc5 Qb6 27. Na4 Qb7 28.
e3 Raa8 29. Ba3 e6 30. Rc3 Bf8 31. Bxf8 Kxf8 32. Nc5 Nxc5 33. Rxc5 Rc7 34. Qc3
Rac8 35. b4 Ke7 36. a3 Kd6 37. Qd3 Ke7 38. Ra5 Ra8 39. Rcc5 Kd6 40. h4 f5 41. g4
{Game drawn by mutual agreement} 1/2-1/2

[Event "Team 45 45 League T91"]
[Site "Internet Chess Club"]
[Date "2022.02.11"]
[Round "5"]
[White "oldbookseller"]
[Black "Ostap-Bender"]
[Result "0-1"]
[WhiteElo "912"]
[BlackElo "1245"]
[Opening "Queen's pawn: Yusupov-Rubinstein system"]
[ECO "A46"]
[Time "09:00:50"]
[PlyCount "58"]
[TimeControl "2700+45"]

1. d4 Nf6 2. Nf3 e6 3. e3 c5 4. c3 d5 5. b3 Bd6 6. Be2 O-O 7. O-O Nc6 8. h3 Re8
9. Bb2 cxd4 10. cxd4 Bd7 11. Nbd2 Rc8 12. Bd3 e5 13. dxe5 Nxe5 14. Nxe5 Bxe5 15.
Bxe5 Rxe5 16. Nf3 Re8 17. Bc2 Rc3 18. Rc1 Qc7 19. Ng5 h6 20. Nxf7 Kxf7 21. Re1
Rc8 22. e4 dxe4 23. Rxe4 Nxe4 24. Qd5+ Be6 25. Qxe4 Rxc2 26. Rd1 Rc1 27. Qf3+
Kg8 28. g3 Rxd1+ 29. Qxd1 Qc1 {White resigns} 0-1

[Event "Team 45 45 League T91"]
[Site "Internet Chess Club"]
[Date "2022.02.14"]
[Round "5"]
[White "Timmah4651"]
[Black "filmdirector"]
[Result "1-0"]
[WhiteElo "1647"]
[BlackElo "1437"]
[Opening "Réti opening"]
[ECO "A04"]
[Time "22:01:30"]
[PlyCount "78"]
[TimeControl "2700+45"]

1. Nf3 d6 2. c4 e5 3. g3 g6 4. Bg2 Bg7 5. O-O h6 6. Nc3 Be6 7. d3 Qd7 8. Qb3 c6
9. Rd1 Na6 10. d4 exd4 11. Nxd4 Nc5 12. Qb4 a5 13. Qa3 Bxc4 14. b3 Be6 15. Nxe6
fxe6 16. b4 Na6 17. bxa5 d5 18. Rb1 Ne7 19. Ne4 Rd8 20. Bb2 Bxb2 21. Qxb2 O-O
22. Nf6+ Rxf6 23. Qxf6 Rf8 24. Qb2 Rb8 25. e4 Nc5 26. exd5 exd5 27. Qb4 Ne6 28.
a6 b6 29. Bh3 c5 30. Qg4 Kf7 31. Qf3+ Nf5 32. Bxf5 gxf5 33. Qxf5+ Kg7 34. Rxd5
Qc6 35. Qe5+ Kh7 36. Rd6 Qf3 37. Rxe6 Rf8 38. Qe4+ Kh8 39. Qxf3 Rxf3 {Black
resigns} 1-0

[Event "Team 45 45 League T91"]
[Site "Internet Chess Club"]
[Date "2022.02.13"]
[Round "5"]
[White "liujf"]
[Black "Grenadier"]
[Result "0-1"]
[WhiteElo "1587"]
[BlackElo "1528"]
[Opening "Queen's pawn: London system"]
[ECO "A45"]
[Time "10:04:42"]
[PlyCount "56"]
[TimeControl "2700+45"]

1. d4 Nf6 2. Bf4 d6 3. Nc3 Bf5 4. Nf3 Nbd7 5. e3 h6 6. Bd3 Bg4 7. h3 Bxf3 8.
Qxf3 e5 9. Bh2 c6 10. O-O-O Be7 11. Bf5 Qc7 12. Rd2 g6 13. Bd3 Qa5 14. Bc4 O-O
15. Qg3 Kg7 16. f4 exd4 17. exd4 d5 18. Bd3 Bb4 19. Re2 Bxc3 20. bxc3 Qxc3 21.
Re7 Qa3+ 22. Kd2 Qxe7 23. Re1 Ne4+ 24. Bxe4 dxe4 25. f5 Qg5+ 26. Qxg5 hxg5 27.
fxg6 Kxg6 28. Rxe4 Rae8 {White resigns} 0-1

[Event "Team 45 45 League T91"]
[Site "Internet Chess Club"]
[Date "2022.02.12"]
[Round "5"]
[White "GoIrish"]
[Black "WillC"]
[Result "0-1"]
[WhiteElo "1479"]
[BlackElo "1485"]
[Opening "Queen's pawn game, Darooha variation "]
[ECO "D02"]
[Time "14:04:30"]
[PlyCount "90"]
[TimeControl "2700+45"]

1. d4 d5 2. Nf3 Nf6 3. g3 b6 4. Bg2 Bb7 5. O-O e6 6. c4 Nbd7 7. b3 c5 8. cxd5
exd5 9. Bb2 Bd6 10. Nc3 Rc8 11. Nb5 Bb8 12. Rc1 a6 13. Nc3 O-O 14. e3 Re8 15.
Re1 Ne4 16. dxc5 Ndxc5 17. Nd4 Nxc3 18. Bxc3 Ne4 19. Bb2 Be5 20. Qe2 Qe7 21. Nf5
Qf6 22. Nd4 Qe7 23. Bh3 Rxc1 24. Rxc1 b5 25. Qe1 Ng5 26. Bg2 Ne4 27. Bh3 Ng5 28.
Bg2 Qd7 29. f4 Bxd4 30. Bxd4 Ne4 31. Bxe4 dxe4 32. Qd1 Rc8 33. Bb2 Rxc1 34. Qxc1
h6 35. Bd4 Qg4 36. Qe1 h5 37. Qf2 Bc8 38. h4 Qd1+ 39. Qf1 Qc2 40. Qf2 Qb1+ 41.
Kh2 Bg4 42. Qb2 Qd1 43. Qf2 Bf3 44. Qg1 Qe2+ 45. Kh3 Bg4# {White checkmated} 0-1

[Event "Team 45 45 League T91"]
[Site "Internet Chess Club"]
[Date "2022.02.10"]
[Round "5"]
[White "Constrictor"]
[Black "mongmong"]
[Result "0-1"]
[WhiteElo "1456"]
[BlackElo "1556"]
[Opening "Réti opening"]
[ECO "A04"]
[Time "20:03:51"]
[PlyCount "108"]
[TimeControl "2700+45"]

1. Nf3 e6 2. b3 Nf6 3. Bb2 c5 4. c4 b6 5. g3 Bb7 6. Bg2 d6 7. O-O Be7 8. Nc3 O-O
9. e3 a6 10. d3 Nbd7 11. Ne2 Qc7 12. Qc2 Rac8 13. Rfd1 Qb8 14. Rac1 Qa8 15. Nh4
h6 16. h3 Nh7 17. Bxb7 Qxb7 18. Ng2 Ng5 19. h4 Nf3+ 20. Kf1 Nfe5 21. d4 Ng4 22.
d5 exd5 23. cxd5 Bf6 24. Bxf6 Ngxf6 25. Qf5 Rce8 26. Rc4 Re5 27. Qf3 Rxd5 28.
Rxd5 Qxd5 29. Qxd5 Nxd5 30. Ngf4 Nxf4 31. Nxf4 Nf6 32. Rc2 Rd8 33. Rd2 Kf8 34.
Nd5 Nxd5 35. Rxd5 Ke7 36. e4 Ke6 37. Ke2 f6 38. Ke3 g6 39. g4 Rf8 40. h5 g5 41.
a4 b5 42. a5 Rc8 43. f4 gxf4+ 44. Kxf4 c4 45. Rd1 cxb3 46. Rb1 Rc3 47. Rb2 d5
48. exd5+ Kxd5 49. Kf5 Rg3 50. Kxf6 Rxg4 51. Rxb3 Kc4 52. Rb1 b4 53. Rc1+ Kb5
54. Rc8 Rg5 {White resigns} 0-1

[Event "Team 45 45 League T91"]
[Site "Internet Chess Club"]
[Date "2022.02.12"]
[Round "5"]
[White "julesraider"]
[Black "Chess4Him"]
[Result "1-0"]
[WhiteElo "1517"]
[BlackElo "1436"]
[Opening "QGD Slav: Dutch variation"]
[ECO "D18"]
[Time "11:00:35"]
[PlyCount "61"]
[TimeControl "2700+45"]

1. d4 d5 2. c4 c6 3. Nc3 dxc4 4. a4 Nf6 5. Nf3 Bf5 6. e3 e6 7. Bxc4 Bb4 8. O-O
O-O 9. Na2 c5 10. Nxb4 cxb4 11. a5 Nc6 12. Qa4 Qc7 13. Bd2 Qd6 14. Bb5 Nd5 15.
Rfc1 Rfc8 16. Rc5 a6 17. Bxc6 Rxc6 18. Rac1 Rxc5 19. Rxc5 b6 20. axb6 Qxb6 21.
Ne5 Qb7 22. h3 f6 23. Nc4 Qb8 24. Qc6 Ne7 25. Qd7 Kf8 26. Rc7 Qd8 27. Bxb4 Qxd7
28. Rxd7 Re8 29. Nd6 Nd5 30. Bc5 Ra8 31. Nxf5+ {Black resigns} 1-0

[Event "Team 45 45 League T91"]
[Site "Internet Chess Club"]
[Date "2022.02.12"]
[Round "5"]
[White "BrerRabbit"]
[Black "Toalla"]
[Result "1-0"]
[WhiteElo "1416"]
[BlackElo "1108"]
[Opening "Queen's Indian: old main line, 6.O-O"]
[ECO "E17"]
[Time "19:00:58"]
[PlyCount "101"]
[TimeControl "2700+45"]

1. d4 e6 2. Nf3 b6 3. g3 Bb7 4. Bg2 Be7 5. O-O Nf6 6. c4 c5 7. d5 exd5 8. Nh4
Ne4 9. Nf5 O-O 10. cxd5 Nd6 11. Nxe7+ Qxe7 12. Nc3 Nf5 13. Bf4 Nd6 14. Rc1 a6
15. Na4 Ne4 16. Nxb6 Ra7 17. Rc4 Nd6 18. Rc2 Nf5 19. Re1 d6 20. Nc4 Nd7 21. Rc3
Ne5 22. Nxe5 dxe5 23. Be3 Nxe3 24. Rxe3 Rd8 25. Rc3 e4 26. Qc2 Rxd5 27. Bxe4 Re5
28. Bxb7 Rxb7 29. e3 f5 30. Rc1 Rc7 31. Kf1 Rc6 32. Rb3 Kf7 33. Qc4+ Qe6 34.
Rb7+ Kf6 35. Qxe6+ Rexe6 36. Rd1 Re7 37. Rb3 g5 38. Kg2 h5 39. h3 g4 40. Rbd3
gxh3+ 41. Kxh3 Rce6 42. Rc3 Re5 43. Rd8 Kg6 44. Rc4 Kf6 45. Rc8 Rd7 46. Rc2 Rdd5
47. Kg2 a5 48. Kf3 Re4 49. R8xc5 Ke6 50. Rc8 Rd6 51. Rh8 {Black resigns} 1-0

[Event "Team 45 45 League T91"]
[Site "Internet Chess Club"]
[Date "2022.02.14"]
[Round "5"]
[White "Gojira"]
[Black "marioseixas1992"]
[Result "0-1"]
[WhiteElo "1527"]
[BlackElo "1532"]
[Opening "Queen's pawn game"]
[ECO "A45"]
[Time "22:00:56"]
[PlyCount "36"]
[TimeControl "2700+45"]

1. d4 Nf6 2. Nc3 g6 3. Bf4 Bg7 4. e4 d6 5. Qd2 O-O 6. Be2 c5 7. O-O-O cxd4 8.
Nd5 Nxe4 9. Qe1 e6 10. Nb4 e5 11. Bg3 Be6 12. Bf3 Nc5 13. b3 a5 14. Nd3 Nxd3+
15. Rxd3 Qb6 16. a4 Na6 17. Kb2 Nc5 18. Qd2 e4 {White resigns} 0-1

[Event "Team 45 45 League T91"]
[Site "Internet Chess Club"]
[Date "2022.02.11"]
[Round "5"]
[White "sdcohle"]
[Black "seldredg"]
[Result "0-1"]
[WhiteElo "1328"]
[BlackElo "1311"]
[Opening "Sicilian: Steinitz variation"]
[ECO "B20"]
[Time "18:30:34"]
[PlyCount "76"]
[TimeControl "2700+45"]

1. e4 c5 2. g3 e6 3. Bg2 d6 4. Ne2 Nf6 5. d3 Be7 6. O-O O-O 7. h3 Nbd7 8. Be3 b6
9. c4 Bb7 10. Nbc3 a6 11. f4 Rc8 12. g4 h6 13. Ng3 Kh8 14. g5 Nh7 15. gxh6 g6
16. b3 Bh4 17. Nce2 Re8 18. Bf2 f5 19. Qe1 Rg8 20. Nh1 Bxf2+ 21. Qxf2 Qe7 22.
Kh2 g5 23. fxg5 Qxg5 24. Rg1 Qxh6 25. exf5 Ne5 26. Bxb7 Rcf8 27. Rxg8+ Rxg8 28.
Rg1 Ng5 29. Bg2 Ng4+ 30. Kg3 Nxf2 31. Kxf2 exf5 32. Nhg3 Qf6 33. Nh5 Qb2 34. Bd5
Nxh3+ 35. Ke3 Re8+ 36. Kf3 Qxe2+ 37. Kg3 Nxg1 38. Kh4 Qg4# {White checkmated}
0-1

[Event "Team 45 45 League T91"]
[Site "Internet Chess Club"]
[Date "2022.02.12"]
[Round "5"]
[White "Fulmar"]
[Black "bardu"]
[Result "1-0"]
[WhiteElo "1285"]
[BlackElo "1249"]
[Opening "Queen's pawn: Yusupov-Rubinstein system"]
[ECO "A46"]
[Time "12:22:16"]
[PlyCount "37"]
[TimeControl "2700+45"]

1. d4 Nf6 2. Nf3 e6 3. e3 c5 4. b3 b6 5. Bd3 Be7 6. Nbd2 Bb7 7. Bb2 Nc6 8. a3
O-O 9. O-O cxd4 10. exd4 Qc7 11. Qe2 Bd6 12. Ne5 Bxe5 13. dxe5 Nd5 14. Qe4 g6
15. c4 Nde7 16. Qf4 Nf5 17. Ne4 Kh8 18. Nf6 Ng7 19. Qh6 {Black resigns} 1-0

[Event "Team 45 45 League T91"]
[Site "Internet Chess Club"]
[Date "2022.02.12"]
[Round "5"]
[White "dwmt"]
[Black "CMAlge"]
[Result "0-1"]
[WhiteElo "1163"]
[BlackElo "1282"]
[Opening "Polish (Sokolsky) opening"]
[ECO "A00"]
[Time "17:00:33"]
[PlyCount "88"]
[TimeControl "2700+45"]

1. b4 e5 2. Bb2 Bxb4 3. Bxe5 Nf6 4. Bb2 d5 5. a3 Ba5 6. Bc3 c6 7. Nf3 O-O 8. g3
Re8 9. Bg2 Nbd7 10. O-O Ne4 11. e3 Ndf6 12. Bxa5 Qxa5 13. c3 Ng4 14. Qb3 b6 15.
Qb4 Qa6 16. Ra2 c5 17. Qb3 Be6 18. Qd1 Rad8 19. h3 d4 20. Ra1 Ngf6 21. cxd4 cxd4
22. Nxd4 Bd7 23. Bxe4 Nxe4 24. g4 b5 25. d3 Ng5 26. Kg2 Qf6 27. Nd2 Bc6+ 28.
Nxc6 Qxc6+ 29. f3 Rxd3 30. e4 Red8 31. Rf2 Qh6 32. Ra2 Qxh3+ 33. Kg1 Qg3+ 34.
Kf1 Qf4 35. Qb1 Rxd2 36. Qxb5 Rd1+ 37. Kg2 Nxe4 38. fxe4 Qxg4+ 39. Kh2 Qg1+ 40.
Kh3 R1d3+ 41. Kh4 Qg3+ 42. Kh5 g6+ 43. Kh6 Qh4+ 44. Qh5 Qxh5# {White checkmated}
0-1

[Event "Team 45 45 League T91"]
[Site "Internet Chess Club"]
[Date "2022.02.10"]
[Round "5"]
[White "Denis240964"]
[Black "Kingofknights"]
[Result "0-1"]
[WhiteElo "1379"]
[BlackElo "1599"]
[Opening "Caro-Kann: Steinitz variation"]
[ECO "B17"]
[Time "12:00:34"]
[PlyCount "58"]
[TimeControl "2700+45"]

1. e4 c6 2. d4 d5 3. Nc3 dxe4 4. Nxe4 Nd7 5. c3 Ngf6 6. Ng3 e6 7. Nf3 c5 8. Bb5
a6 9. Qa4 Bd6 10. Ne5 O-O 11. Bg5 Nxe5 12. dxe5 Bxe5 13. Rd1 Qb6 14. Bxf6 Bxf6
15. c4 Bxb2 16. Rb1 Bc3+ 17. Ke2 Qd6 18. Rhd1 Qe5+ 19. Kf1 Bd4 20. Re1 Qf4 21.
Re2 e5 22. Qa3 Be6 23. Nh5 Qxh2 24. Ng3 axb5 25. Qf3 Bxc4 26. Re1 Rxa2 27. Qg4
Rfa8 28. Qf3 Rxe2 29. Rxe2 Ra1# {White checkmated} 0-1

[Event "Team 45 45 League T91"]
[Site "Internet Chess Club"]
[Date "2022.02.09"]
[Round "5"]
[White "seattleblues"]
[Black "Megasus"]
[Result "0-1"]
[WhiteElo "1262"]
[BlackElo "1534"]
[Opening "Queen's pawn game"]
[ECO "E10"]
[Time "21:01:06"]
[PlyCount "108"]
[TimeControl "2700+45"]

1. d4 Nf6 2. Nf3 e6 3. c4 c6 4. Nc3 a6 5. Bf4 Qb6 6. Rb1 Qa5 7. e3 Bb4 8. Qb3
Ne4 9. Rc1 O-O 10. Bd3 Nxc3 11. bxc3 Be7 12. c5 Qd8 13. O-O d6 14. cxd6 Bxd6 15.
Bxd6 Qxd6 16. Nd2 Nd7 17. Nc4 Qc7 18. Qb1 b5 19. Nd2 f5 20. Qb3 Nf6 21. Nf3 Qd6
22. Bxf5 Qd5 23. Qxd5 cxd5 24. Bd3 Bb7 25. Ne5 Rfc8 26. Rc2 Rc7 27. Rfc1 Rac8
28. a3 Nd7 29. Nf3 h6 30. h3 Nb6 31. Ne5 Na4 32. Ng6 Kf7 33. Ne5+ Kf6 34. Ng4+
Ke7 35. Ne5 Rxc3 36. Rxc3 Rxc3 37. Rxc3 Nxc3 38. Ng6+ Kd6 39. Ne5 a5 40. Nf7+
Ke7 41. Nh8 b4 42. Ng6+ Kd6 43. axb4 axb4 44. Nf4 b3 45. Ne2 Nxe2+ 46. Bxe2 b2
47. Bd3 Ba6 48. Bc2 Kc6 49. Kh2 Kb5 50. Kg3 Kb4 51. Kf4 Kc3 52. Bb1 Bd3 53. Ba2
Kb4 54. Ke5 Ka3 {White resigns} 0-1

[Event "Team 45 45 League T91"]
[Site "Internet Chess Club"]
[Date "2022.02.13"]
[Round "5"]
[White "gregorgg"]
[Black "olivermx"]
[Result "0-1"]
[WhiteElo "1358"]
[BlackElo "1331"]
[Opening "Scotch gambit"]
[ECO "C44"]
[Time "11:05:13"]
[PlyCount "132"]
[TimeControl "2700+45"]

1. e4 e5 2. Nf3 Nc6 3. d4 exd4 4. Bc4 h6 5. O-O Bc5 6. c3 dxc3 7. Bxf7+ Kxf7 8.
Qd5+ Kf8 9. Qxc5+ Qe7 10. Qxc3 d6 11. Re1 Bg4 12. Nd4 Nxd4 13. Qxd4 Qe5 14. Qc4
Rc8 15. Nc3 Be6 16. Qa4 a6 17. Be3 Nf6 18. f3 Bd7 19. Qb3 Bc6 20. Rad1 g6 21.
Nd5 Bxd5 22. exd5 Qf5 23. Qxb7 Kg7 24. Bd4 Kh7 25. Qxa6 Rhe8 26. Bxf6 Qxf6 27.
Rxe8 Rxe8 28. Qb7 Re7 29. Qb3 Re2 30. Qb7 Qe7 31. a4 Re1+ 32. Kf2 Qe2+ 33. Kg3
Rxd1 34. Qxc7+ Kg8 35. Qd8+ Kf7 36. Qd7+ Qe7 37. Qg4 Qe5+ 38. Kh3 Rd4 39. Qd7+
Qe7 40. Qxe7+ Kxe7 41. a5 Rb4 42. Kg3 Kf6 43. h4 Rxb2 44. Kg4 Rb4+ 45. f4 Ra4
46. g3 Rxa5 47. h5 gxh5+ 48. Kxh5 Kg7 49. Kg4 Rxd5 50. Kf3 Kg6 51. Ke4 Rf5 52.
g4 Rf6 53. Kf3 d5 54. Ke3 d4+ 55. Ke4 d3 56. g5 hxg5 57. fxg5 Kxg5 58. Kxd3 Rf4
59. Ke3 Kg4 60. Kd3 Kf3 61. Kd2 Re4 62. Kd3 Kf4 63. Kc3 Ke3 64. Kc2 Rc4+ 65. Kd1
Rc3 66. Ke1 Rc1# {White checkmated} 0-1

[Event "Team 45 45 League T91"]
[Site "Internet Chess Club"]
[Date "2022.02.15"]
[Round "5"]
[White "kabubi"]
[Black "rhayder"]
[Result "1-0"]
[WhiteElo "1150"]
[BlackElo "938"]
[Opening "Sicilian defense"]
[ECO "B30"]
[Time "20:16:32"]
[PlyCount "65"]
[TimeControl "2700+45"]

1. e4 c5 2. Nf3 Nc6 3. d3 e6 4. g3 d5 5. Nbd2 Bd6 6. Bg2 Nf6 7. O-O O-O 8. c3 e5
9. Qe2 d4 10. cxd4 cxd4 11. Re1 Bg4 12. h3 Be6 13. Nf1 Nb4 14. a3 Na6 15. b4 Rc8
16. Bg5 Be7 17. Nxe5 h6 18. Bxf6 Bxf6 19. Ng4 Bg5 20. f4 Be7 21. e5 Bd5 22. Nfh2
Bxg2 23. Qxg2 Qb6 24. Qe4 Qc6 25. Qxd4 Qc3 26. Qxa7 Qxd3 27. Qe3 Nc5 28. Qxd3
Nxd3 29. Red1 Rfd8 30. Nf2 Nxf2 31. Rxd8+ Rxd8 32. Kxf2 Rd2+ 33. Kg1 {Black
resigns} 1-0